[Event "Early-Titled-Tuesday-Blitz-September-05-2023"]
[Site "Chess.com"]
[Date "2023.09.05"]
[Round "2"]
[White "Sadykov_Ramil"]
[Black "BigPiano"]
[Result "0-1"]
[WhiteElo "2584"]
[BlackElo "2429"]
[TimeControl "180+1"]
[EndTime "8:19:05 PDT"]
[Termination "BigPiano won by resignation"]

1. d4 Nf6 2. Nc3 d5 3. Bf4 a6 4.
e3 e6 5. g4 h6 6. Qf3 Bd6 7.
h4 Bxf4 8. Qxf4 Qd6 9. Qxd6 cxd6 10. f3 Nc6 11. a4 e5 12. Nce2 e4 13. Kd2 exf3 14.
Nxf3 Bxg4 15. Bg2 Rc8 16. Nc3 Ne4+ 17. Nxe4 dxe4 18. Nh2 Bf5 19. Raf1 Bh7 20. Rhg1 O-O 21. Bh3 Rc7 22. Ng4 Kh8 23. h5 Nb4 24. c3 Nd5 25. Rg3 f5 26. Nh2 f4 27. exf4 Rxf4 28. Rxf4 Nxf4 29. Nf1 Rf7 30. Ne3 Nxh5 31. Rg2 g5 32. Be6 Rf8 33. Bd5 b6 34. Rh2 Bg6 35. Bxe4 Bxe4 36. Rxh5 Kg7 37. Rh2 h5 38. Rxh5 Kg6 39.
Rh2 b5 40. a5 Rf4 41. b3 Rh4 42. Rf2 Rf4 43. Re2 Bf3 44. Re1 g4 45. Kd3 Kg5 46. Rg1 Be4+ 47. Ke2 Bf5 48. c4 bxc4 49. Nxc4 Rxd4 50.
Ke3 Rd3+ 51. Ke2 Rxb3 52. Nxd6 Rb2+ 53. Ke3 Rb3+ 54. Kd4 Rb4+ 55. Kc5 Rb2 56. Nxf5 Kxf5 57. Kc4 Kf4 58. Kc3 Rb5 59. Ra1 g3 60. Ra4+ Kf3 61.
Kd2 Re5 62. Rb4 g2 63. Rb3+ Kf2 64. Rb8 g1=Q 65. Rf8+ Kg2 66. Rg8+ Kf1 67. Rf8+ Qf2+ 68. Rxf2+ Kxf2 69. Kd3 Rxa5 70. Kc3 Rb5 71. Kc4 Rb8 72. Kc5 a5 73. Kc6 a4 74. Kc7 Rb1 75. Kd6 a3 76. Kc6 a2 77. Kd7 a1=Q 78. Ke6 Qb2 0-1

[Event "Early-Titled-Tuesday-Blitz-September-05-2023"]
[Site "Chess.com"]
[Date "2023.09.05"]
[Round "2"]
[White "gm_rashid"]
[Black "Actuary44"]
[Result "1/2-1/2"]
[WhiteElo "2394"]
[BlackElo "2542"]
[TimeControl "180+1"]
[EndTime "8:19:10 PDT"]
[Termination "Game drawn by repetition"]

1. d4 Nf6 2. c4 g6 3. g3 Bg7 4. Bg2 d6 5. Nf3 O-O 6. O-O Nfd7 7. Nc3 Nc6 8. e4 e5 9. d5 Ne7 10. Ne1 f5 11. Nd3 h6 12. b4 g5 13. Ba3 f4 14.
f3 fxg3 15. hxg3 h5 16. c5 h4 17. g4 Ng6 18. Rc1 Nf4 19. Nxf4 exf4 20. cxd6 cxd6 21. Nb5 Qb6+ 22. Kh2 Qxb5 23. Qb3 Ne5 24. Rc7 Qd3 25. Rc3 Qe2 26. Rc2 Qd3 27. Qxd3 Nxd3 28. b5 Nc5 29. Bxc5 dxc5 30. Rxc5 Bd7 31. Rfc1 Rac8 32. Rc7 Be5 33. d6 Rxc7 34. Rxc7 Bxb5 35. Rxb7 Bc6 36. Rc7 Bb5 37. Rc5 Bxd6 38. Rxg5+ Kf7 39. Rxb5 Re8 40. Rb7+ Re7 41. Rxe7+ Bxe7 42. Bf1 Ke6 43. Bc4+ Ke5 44. Bd5 Kd4 45. Kg2 Ke3 46. e5 Kd4 47. Be4 Kxe5 48. Kh3 Kd4 49. Kg2 Kc3 50. Bd5 Kb2 51. a4 Ka3 52. Bc6 Kb4 53. Be8 Kc5 54. Bd7 Kd5 55. Be8 Kd4 56. Bd7 Ke3 57. Bc6 Ke2 58. Bd5 Kd3 59. Bc6 Kd4 60. Bb7 Kc5 61. Bc8 Kb4 62. Bd7 a5 63. Bc6 Kc5 64. Bb7 Kb6 65.
Bd5 Kc5 66. Bb7 Kb4 67. Bc6 Kc3 68. Bb5 Kd2 69. Bc6 Kd3 70. Bb5+ Ke3 71. Bc6 Ke2 72.
Bb5+ Ke3 73. Bc6 Bf6 74. Bd5 Bg5 75. Bc6 Kd4 76. Bb7 Kc5 77. Ba8 Kb4 78. Bc6 Kc5 79. Bd7 Kc4 80. Be8 Kd3 81. Bc6 Ke3 82. Bb7 Ke2 83.
Bc6 Ke3 84. Bb7 Ke2 85. Bc6 Ke3 1/2-1/2

[Event "Early-Titled-Tuesday-Blitz-September-05-2023"]
[Site "Chess.com"]
[Date "2023.09.05"]
[Round "2"]
[White "marcodobrikov"]
[Black "WhiteKnight2612"]
[Result "0-1"]
[WhiteElo "2584"]
[BlackElo "2857"]
[TimeControl "180+1"]
[EndTime "8:19:12 PDT"]
[Termination "WhiteKnight2612 won by resignation"]

1. Nc3 Nf6 2. e4 e5 3. Nf3 Nc6 4. Bb5 Nd4 5. O-O Nxb5 6. Nxb5 a6 7. Nc3 d6 8. d4 exd4 9. Nxd4 Be7 10. h3 O-O 11. Bf4 Nd7 12. Re1 Bf6 13. Nd5 Re8 14.
c3 Ne5 15. Qc2 Ng6 16. Bg3 Bh4 17. Bxh4 Nxh4 18. Re3 c6 19. Nf4 Qg5 20. g3 Ng6 21. Nxg6 Qxg6 22. Kg2 Bd7 23. f3 Re7 24. Rd1 Rae8 25.
Rde1 Qh6 26. g4 Qf4 27. Qf2 d5 28. Qg3 Qxg3+ 29. Kxg3 f6 30. Kf4 Re5 31. h4 c5 32.
Nb3 b6 33. h5 g5+ 34. Kg3 dxe4 35. Rxe4 Rxe4 36. Rxe4 Rxe4 37. fxe4 Kf7 38. Kf3 Ke6 39. Nd2 Bb5 40. c4 Bc6 41. Nf1 Ke5 42. Ng3 Kd4 43. b3 Kc3 44. h6 Kd4 45. Nf5+ Ke5 46. Ng3 b5 47. Ke3 bxc4 48. bxc4 a5 49. a3 Bd7 50. Kf3 Be6 51. Nf5 Bxc4 52. Ne7 Bb5 53. Ng6+ Ke6 54. Nf8+ Kf7 55. Nxh7 Kg6 56. Nf8+ Kxh6 57.
Ne6 c4 58. Ke3 c3 59. Nd4 Bc4 60. Nc2 a4 61. Ne1 Kg6 62. Kd4 Be2 63. Kxc3 Bxg4 64. Kd4 Bd7 65. Ng2 g4 66. Ke3 Kg5 67. Kf2 Bc6 68.
Ke3 g3 69. Ne1 Kg4 70. Nd3 g2 71. Kf2 Bxe4 72. Nc5 Bc6 73. Nd3 Kf5 74. Nb4 Bb7 75. Nd3 Bd5 76. Nb4 Be4 77. Na2 Ke5 78. Nc3 Bc6 79. Ne2 f5 80. Ng3 f4 81. Ne2 f3 82.
Nc3 Kd4 83. Nxa4 Bxa4 84. Kxf3 g1=Q 0-1

[Event "Early-Titled-Tuesday-Blitz-September-05-2023"]
[Site "Chess.com"]
[Date "2023.09.05"]
[Round "2"]
[White "Vsevolod_Ovchinnikov"]
[Black "schachlana"]
[Result "1-0"]
[WhiteElo "2617"]
[BlackElo "2318"]
[TimeControl "180+1"]
[EndTime "8:19:12 PDT"]
[Termination "Vsevolod_Ovchinnikov won on time"]

1. d4 Nf6 2. c4 g6 3. Nc3 Bg7 4. e4 d6 5. Nf3 O-O 6. h3 c5 7. d5 e6 8. Bd3 a6 9. a4 Nbd7 10. Bf4 e5 11. Bg5 h6 12. Bd2 Nh5 13.
g3 Nb8 14. Nh4 Qe8 15. Be2 Nf6 16. g4 Nh7 17. Qc2 Qe7 18. Ng2 f5 19. f3 f4 20. a5 Nd7 21. h4 b6 22. axb6 Nxb6 23. Kf2 Bd7 24. Ra5 Rfb8 25. Bd3 Nf8 26. Ne2 Qe8 27.
Rha1 Bc8 28. Be1 Nfd7 29. Ng1 Bf6 30. Be2 Bd8 31. Kf1 Nf8 32. Nh3 Nbd7 33. R5a3 Bc7 34. Nf2 Qd8 35. Ba5 Bxa5 36. Rxa5 Rb6 37. Nd3 Rab8 38.
R1a2 Qc7 39. Qc3 Qb7 40. R5a3 Kh7 41. Ke1 Nf6 42. Kd1 Ne8 43. Kc2 Qe7 44. Ra1 Nc7 45. Ra5 Qf7 46. R1a2 Bxg4 47. fxg4 f3 48. Bf1 fxg2 49.
Bxg2 Nd7 50. Qd2 Rf8 51. Qe2 Rbb8 52. R5a3 Nb6 53. b3 Ra8 54. Ra1 Qe7 55. h5 Qg5 56. hxg6+ Kxg6 57. Rh1 Kh7 58. Rh5 Qg6 59. Ra5 Rf6 60.
Kc3 Raf8 61. Ra1 Qg7 62. Rah1 Rg6 63. Bf3 Kg8 64. Qe3 Nd7 65. Be2 Kh7 66. R5h4 Nf6 67. g5 Rxg5 68. Rxh6+ Qxh6 69. Rxh6+ Kxh6 70. b4 cxb4+ 71. Nxb4 a5 72. Nc6 Kg6 73. Ne7+ Kh6 74. c5 dxc5 75.
Kc4 Re8 76. Nf5+ Kg6 77. Nh4+ Kh6 78. Nf3 1-0

[Event "Early-Titled-Tuesday-Blitz-September-05-2023"]
[Site "Chess.com"]
[Date "2023.09.05"]
[Round "2"]
[White "PepeCuenca"]
[Black "Arteler"]
[Result "0-1"]
[WhiteElo "2719"]
[BlackElo "2396"]
[TimeControl "180+1"]
[EndTime "8:19:13 PDT"]
[Termination "Arteler won on time"]

1. e4 e6 2. d4 d5 3. Nc3 Bb4 4. e5 c5 5. a3 Ba5 6. b4 cxd4 7.
Nb5 Bc7 8. f4 Bd7 9. Nxd4 Ba4 10. Ngf3 Ne7 11. Bd3 Nbc6 12. Be3 Bb6 13. Qd2 Rc8 14. c3 Nxd4 15. cxd4 Qd7 16. O-O Bb5 17. Bxb5 Qxb5 18. a4 Qd7 19. Qd3 Nf5 20. Bf2 O-O 21. g4 Ne7 22. Ng5 Ng6 23. Be3 Bd8 24. Nf3 f5 25.
exf6 Bxf6 26. b5 Be7 27. Ne5 Nxe5 28. fxe5 Bb4 29. Rxf8+ Rxf8 30. Rf1 Rxf1+ 31. Kxf1 Qf7+ 32. Ke2 Qe7 33. h3 Qh4 34. Bf2 Qg5 35. Be3 Qh4 36. Bf2 Qg5 37. Qc2 h6 38. Qc8+ Kh7 39. Qxe6 Qd2+ 40.
Kf1 Qd3+ 41. Kg1 Qxh3 42. Qf5+ Kg8 43. e6 Qb3 44. Qf7+ Kh7 45. Qf5+ Kg8 46. Kg2 Qd1 47. Qf7+ Kh7 48. Qf5+ Kg8 49. Kg3 Qe2 50. Kg2 Bd6 51.
Qf7+ Kh7 52. Qf5+ Kg8 53. Qxd5 Qxg4+ 54. Kf1 Qd1+ 55. Kg2 Qg4+ 56. Kf1 Qd1+ 57. Be1 Qd3+ 58. Kg1 Qe3+ 59. Bf2 Qc1+ 60. Kg2 Qg5+ 61. Qxg5 hxg5 62. Kf3 Kf8 63. d5 Ke7 64. Ke4 g4 65. Kf5 g3 66.
Be3 g2 67. Kg4 Bh2 68. Bc5+ Kf6 69. e7 Kf7 70. d6 g1=Q+ 71. Bxg1 Bxg1 72. Kf5 Bh2 73. d7 Kxe7 74. Kg6 Be5 75. Kf5 Bf6 76. Kg6 Kxd7 77.
Kf5 Kd6 78. Ke4 Kc5 79. Kd3 Kb4 80. Ke4 Kxa4 81. Kd5 Kxb5 82. Ke4 a5 0-1

[Event "Early-Titled-Tuesday-Blitz-September-05-2023"]
[Site "Chess.com"]
[Date "2023.09.05"]
[Round "2"]
[White "Stouuf"]
[Black "CrazyMartian"]
[Result "1-0"]
[WhiteElo "2620"]
[BlackElo "2349"]
[TimeControl "180+1"]
[EndTime "8:19:13 PDT"]
[Termination "Stouuf won by checkmate"]

1. e4 c5 2. Nf3 d5 3. exd5 Nf6 4. d4 Nxd5 5. c4 Nf6 6. d5 e6 7. Nc3 exd5 8. cxd5 Bd6 9. Bb5+ Nbd7 10. O-O O-O 11. a4 h6 12. Re1 a6 13. Bd3 Re8 14.
Rxe8+ Qxe8 15. a5 Ne5 16. Be2 Nxf3+ 17. Bxf3 Qe5 18. g3 Bh3 19. Bf4 Qe7 20. Bxd6 Qxd6 21. Qb3 Qc7 22. Re1 Re8 23. Rxe8+ Nxe8 24. Qa4 Nd6 25.
Qh4 Bf5 26. Qf4 Qe7 27. Kg2 g5 28. Qd2 Qe5 29. h3 Kg7 30. g4 Bg6 31. b3 f5 32.
Na4 fxg4 33. hxg4 Be4 34. Bxe4 Qxe4+ 35. f3 Qd4 36. Qxd4+ cxd4 37. Kf2 Kf6 38. Ke2 Ke5 39. Kd3 Kxd5 40. Nb2 Nb5 41. Nc4 Nc7 42. Nb6+ Kc6 43.
Kxd4 Kb5 44. Nc4 Kb4 45. Nd6 Kxb3 46. Nxb7 Kb4 47. Ke5 Kb5 48. Kf6 Kc6 49. Nd8+ Kb5 50.
Kg6 Nd5 51. Kxh6 Kxa5 52. Kxg5 Kb5 53. Nb7 Kb6 54. Nd6 Kc6 55. Nc4 Kc5 56. Na3 Kb4 57.
Nb1 Kb3 58. f4 a5 59. f5 a4 60. f6 Nxf6 61. Kxf6 Kb2 62. Nd2 Kc2 63. Nc4 Kb3 64.
Nd2+ Kc2 65. Nc4 Kb3 66. g5 Kxc4 67. g6 a3 68. g7 Kb3 69. g8=Q+ Kb2 70. Qb8+ Ka1 71.
Qe5+ Kb1 72. Qb5+ Ka1 73. Qe5+ Kb1 74. Qe1+ Kb2 75. Qd2+ Kb1 76. Qd3+ Kb2 77. Qb5+ Ka1 78. Qc4 a2 79. Qc1# 1-0

[Event "Early-Titled-Tuesday-Blitz-September-05-2023"]
[Site "Chess.com"]
[Date "2023.09.05"]
[Round "2"]
[White "bolwin"]
[Black "jcmesafischer"]
[Result "0-1"]
[WhiteElo "2262"]
[BlackElo "2484"]
[TimeControl "180+1"]
[EndTime "8:19:13 PDT"]
[Termination "jcmesafischer won by resignation"]

1. Nf3 d5 2. c4 e6 3. d4 Nf6 4. Nc3 Be7 5. Bg5 Nbd7 6. e3 c6 7. Qc2 O-O 8. Bd3 h6 9. Bh4 dxc4 10.
Bxc4 b5 11. Bd3 Bb7 12. O-O a6 13. Rfd1 Qb6 14. Ne5 Rfe8 15. Nxd7 Nxd7 16. Bxe7 Rxe7 17. Ne4 Rc8 18. Rac1 e5 19. Nd6 Rc7 20. Nxb7 Qxb7 21.
dxe5 c5 22. Bh7+ Kh8 23. Be4 Qb6 24. f4 c4 25. Qf2 f6 26. Rd6 Qc5 27. Rcd1 fxe5 28.
fxe5 Kg8 29. e6 Nf8 30. Qf5 Qxf5 31. Bxf5 Rc5 32. e4 g6 33. Bg4 h5 34. Bh3 Re5 35. Rxa6 Nxe6 36. g3 Nc5 37. Ra8+ Kg7 38. Rd5 Nxe4 39.
Rxe5 Rxe5 40. Bf1 Nd2 41. Rd8 Nf3+ 42. Kf2 Ng5 43. Be2 Ne4+ 44. Kg1 Kf6 45. Bf3 Ng5 46. Kf2 Rf5 47. Rf8+ Ke5 48. Rxf5+ Kxf5 49. Be2 Ke4 50. h4 Ne6 51. Bf3+ Kd3 52. g4 hxg4 53. Bxg4 Nd4 54.
Bd7 Kc2 55. Kg3 Kxb2 56. Be8 c3 57. Bxg6 Kxa2 58. h5 b4 59. h6 Ne6 60. h7 Nf8 61. h8=Q Nxg6 62. Qf6 Kb2 63. Qxg6 b3 64. Qd3 c2 65.
Qd4+ Kb1 66. Qc3 b2 67. Kf2 c1=Q 68. Qd3+ Qc2+ 69. Qxc2+ Kxc2 70. Ke3 b1=Q 71. Kd4 Qb3 72. Ke5 Kd2 73. Kf4 Qc3 74. Kg5 Ke2 75. Kf5 Qe3 0-1

[Event "Early-Titled-Tuesday-Blitz-September-05-2023"]
[Site "Chess.com"]
[Date "2023.09.05"]
[Round "2"]
[White "Ducke13"]
[Black "Kurai"]
[Result "0-1"]
[WhiteElo "2416"]
[BlackElo "2692"]
[TimeControl "180+1"]
[EndTime "8:19:14 PDT"]
[Termination "Kurai won on time"]

1. d4 d5 2. g3 Nf6 3. Nf3 e6 4.
Bg2 Be7 5. O-O O-O 6. c4 dxc4 7.
Qc2 a6 8. a4 Bd7 9. Rd1 Bc6 10.
Nc3 Bxf3 11. Bxf3 c6 12. b3 cxb3 13. Qxb3 Qc8 14. Rb1 b5 15. axb5 axb5 16. Nxb5 Nbd7 17. Nc3 Qa6 18. Bf4 Nd5 19. Nxd5 cxd5 20. e4 Nf6 21. exd5 Nxd5 22. Bxd5 exd5 23. Qxd5 Bf6 24. Qf3 Rad8 25. d5 Qa8 26. Kg2 Rfe8 27. h4 Rd7 28. h5 h6 29.
Bxh6 Red8 30. Rb5 Qa6 31. Rb4 gxh6 32. Rg4+ Bg7 33. Qe4 Qd6 34. Qd4 f5 35. Rg6 Qe7 36.
Qc4 Qe4+ 37. Qxe4 fxe4 38. d6 Kh7 39. Kh3 Rf8 40. Kg2 Rf5 41. g4 Rf4 42. Kg3 Rf3+ 43.
Kg2 Bf8 44. Rd4 Rf4 45. Kg3 Rf3+ 46. Kg2 Rff7 47. Rxe4 Rxd6 48. Ree6 Rxe6 49. Rxe6 Bg7 50. f3 Kg8 51. Rg6 Kf8 52. g5 hxg5 53. Rxg5 Ke7 54. Kg3 Ke6 55. Kg4 Bf6 56. Rg6 Ke5 57. f4+ Ke6 58. h6 Rh7 59. Kh5 Kf7 60. f5 Rh8 61. Kg4 Re8 62. Kh5 Re4 63. Rg4 Re1 64. Rg3 Rh1+ 65.
Kg4 Rxh6 66. Kf4 Rh4+ 67. Kf3 Rh5 68. Ke4 Rh4+ 69. Kf3 Ke7 70. Rg6 Rh5 71. Ke4 Rh4+ 72. Kf3 Rh8 73. Kf4 Ra8 74. Kf3 Ra5 75. Kg4 Rb5 76. Kf4 Kf7 77. Kg4 Bg7 78. Kf4 Rb4+ 79.
Kg5 Be5 80. Re6 Re4 81. Rc6 Re1 82. Rb6 Ke7 83. Rb7+ Kd6 84. f6 Ke6 85. Re7+ Kd6 86. Rb7 Rg1+ 0-1

[Event "Early-Titled-Tuesday-Blitz-September-05-2023"]
[Site "Chess.com"]
[Date "2023.09.05"]
[Round "2"]
[White "Evgeny81"]
[Black "03revilo"]
[Result "1/2-1/2"]
[WhiteElo "2744"]
[BlackElo "2424"]
[TimeControl "180+1"]
[EndTime "8:19:15 PDT"]
[Termination "Game drawn by repetition"]

1. e4 c5 2. Nf3 e6 3. b3 a6 4. Bb2 Nc6 5. d4 cxd4 6. Nxd4 Nf6 7. Bd3 Bb4+ 8. Nd2 O-O 9. O-O d6 10. Nxc6 bxc6 11. e5 dxe5 12. Bxe5 a5 13. a3 Bd6 14.
Bxf6 gxf6 15. Qg4+ Kh8 16. Qe4 f5 17. Qxc6 Rb8 18.
Qc3+ f6 19. Nc4 Qc7 20. g3 Be5 21. Qxa5 Qxa5 22. Nxa5 Bxa1 23. Rxa1 Bd7 24. b4 Rfd8 25. c4 Ba4 26. Bf1 Rd2 27. c5 Rc2 28. Nc4 Bc6 29.
Nd6 Bd5 30. Bg2 f4 31. Bxd5 exd5 32. Kg2 Rc3 33. Rd1 f3+ 34. Kh3 Rxa3 35. c6 Rxb4 36. c7 Rc3 37. c8=Q+ Rxc8 38. Nxc8 d4 39. Nd6 Rb2 40. Ne4 f5 41. Rd2 fxe4 42. Rxb2 e3 43. Rb8+ Kg7 44. fxe3 dxe3 45. Rb7+ Kf6 46. Rb6+ Ke5 47.
Rb8 e2 48. Re8+ Kd4 49. Kg4 f2 50. Rxe2 f1=Q 51. Re6 Qd1+ 52. Kg5 Kd5 53. Rf6 Qd2+ 54. Rf4 Ke5 55. Kg4 Qe2+ 56. Kg5 Qe3 57. Kg4 Qe2+ 58. Kh3 Qe3 59. Kg2 Qd2+ 60. Rf2 Qd5+ 61. Kh3 Qe4 62. Rf4 Qg6 63. Kg2 h5 64. Rh4 Qg5 65.
Rf4 Qg6 66. Rh4 Kf5 67. Rf4+ Kg5 68. Rh4 Qc6+ 69. Kg1 Qc2 70. Rf4 Qd1+ 71. Kg2 Qe2+ 72.
Kg1 Qe1+ 73. Kg2 Qd2+ 74. Kg1 Qxf4 75. gxf4+ Kxf4 76. Kg2 Kg4 77. h3+ Kh4 78. Kh2 Kg5 79. Kg3 h4+ 80. Kf3 Kf5 81. Ke3 Ke5 82. Kf3 Kf5 83. Ke3 Ke5 84. Kf3 Kf5 1/2-1/2

[Event "Early-Titled-Tuesday-Blitz-September-05-2023"]
[Site "Chess.com"]
[Date "2023.09.05"]
[Round "2"]
[White "FabianoCaruana"]
[Black "juancruzarias"]
[Result "1/2-1/2"]
[WhiteElo "3098"]
[BlackElo "2688"]
[TimeControl "180+1"]
[EndTime "8:19:19 PDT"]
[Termination "Game drawn by repetition"]

1. b3 d5 2. Bb2 c5 3. e3 Nf6 4. Nf3 g6 5. c4 dxc4 6. Bxc4 Bg7 7. O-O O-O 8. Qe2 Nc6 9. Rd1 Na5 10. Bd3 b6 11.
Nc3 Bb7 12. Ba6 Qc8 13. Bxb7 Qxb7 14. d4 cxd4 15. Nxd4 Rac8 16. Rac1 Nc6 17. Qf3 Qa8 18. Ncb5 Nxd4 19. Bxd4 Qb8 20. Bc3 h5 21. h3 a6 22. Nd4 Qa8 23. Qxa8 Rxa8 24. Nc6 Rfe8 25. a4 Ne4 26. Bxg7 Kxg7 27. b4 e6 28. f3 Nf6 29. e4 Rec8 30. h4 Kf8 31. Kf2 Ke8 32. Ke3 Rc7 33. Ne5 Rac8 34. Rxc7 Rxc7 35. Rd6 Rb7 36. b5 axb5 37. axb5 Ke7 38. Rc6 Ne8 39. Nc4 Nc7 40. Nd6 Rb8 41. Rxc7+ Kxd6 42. Rc6+ Kd7 43. Kf4 f6 44. e5 Rf8 45. Rxb6 fxe5+ 46. Kxe5 Rf5+ 47.
Ke4 g5 48. Rb7+ Kd6 49. Rh7 Rf4+ 50. Ke3 Rxh4 51. b6 Rb4 52. Rxh5 Rxb6 53. Rxg5 Ke7 54.
Kf4 Kf6 55. Kg4 Rb4+ 56. f4 Rb2 57. g3 Rb1 58. Ra5 Rb3 59. Ra6 Rc3 60. Rb6 Rd3 61.
Kh4 Ra3 62. Rb7 Ra1 63. Kg4 Ra3 64. Rh7 Ra1 65. Rh6+ Kf7 66. Kg5 Ra5+ 67. Kh4 Ra3 68. g4 Ra5 69. Rh7+ Kg6 70. Re7 Kf6 71. Rb7 Ra4 72. Kg3 Ra3+ 73. Kh4 Ra4 74. g5+ Kg6 75. Kg4 e5 76. Rb6+ Kg7 77. Rb7+ Kg8 78. Kf5 Rxf4+ 79. Kxe5 Rf8 80. Ke6 Re8+ 81. Kf6 Rf8+ 82. Kg6 Rd8 83. Kh6 Rf8 84. g6 Re8 85. Rg7+ Kh8 86.
Rf7 Kg8 87. Rh7 Rd8 88. Rg7+ Kh8 89. Rh7+ Kg8 90. Rg7+ Kh8 91. Rh7+ Kg8 1/2-1/2

[Event "Early-Titled-Tuesday-Blitz-September-05-2023"]
[Site "Chess.com"]
[Date "2023.09.05"]
[Round "2"]
[White "Zhigalko_Sergei"]
[Black "SashaKuzhilniy"]
[Result "0-1"]
[WhiteElo "2891"]
[BlackElo "2620"]
[TimeControl "180+1"]
[EndTime "8:19:27 PDT"]
[Termination "SashaKuzhilniy won on time"]

1. e4 c5 2. Nf3 d6 3. d4 cxd4 4. Qxd4 Nf6 5. Nc3 Nc6 6. Bb5 Bd7 7. Bxc6 Bxc6 8. Bg5 e6 9. O-O-O Be7 10. Rhe1 O-O 11.
Kb1 Qa5 12. Qd2 Rfc8 13. Nd4 b5 14. Nd5 Qxd2 15. Nxe7+ Kf8 16. Rxd2 Kxe7 17. f3 h6 18. Bh4 Bd7 19. e5 dxe5 20. Rxe5 g5 21. Bg3 Nh5 22.
Bf2 f6 23. Nf5+ Kf8 24. Re1 Rc7 25. Nd6 Nf4 26. Bg3 e5 27. Ne4 Ke7 28. Nc3 Bc6 29.
Bxf4 gxf4 30. a3 Rd8 31. Rxd8 Kxd8 32. Kc1 Ke7 33. Re2 Rd7 34. b3 Ke6 35. Kb2 h5 36.
Kc1 h4 37. h3 f5 38. Re1 Rd4 39. Ne2 Rd7 40. Nxf4+ Kf6 41. Nd3 e4 42. fxe4 Bxe4 43. Nc5 Re7 44. Re2 Ke5 45. Nd3+ Kd4 46. Kd2 Rg7 47.
c3+ Kd5 48. Nf4+ Ke5 49. Nd3+ Kd5 50. Ne1 Rg3 51. Rf2 Ke5 52. a4 bxa4 53. bxa4 a5 54. c4 Kd4 55. Nf3+ Bxf3 56. Rxf3 Rxg2+ 57. Ke1 Ke4 58. Rc3 Ra2 59. c5 Ra1+ 60. Kd2 Ra2+ 61.
Kc1 Ra1+ 62. Kb2 Rxa4 63. c6 Rb4+ 64. Ka3 Rb8 65. Ka4 Rc8 66. Kxa5 Kd5 67. Kb6 f4 68. Kb7 Rh8 69. c7 Ke4 70. Rc4+ Ke3 71. Rc3+ Ke2 72.
Rc6 f3 73. Re6+ Kf1 74. Rd6 Rh7 75. Kc6 Rxc7+ 76. Kxc7 f2 77. Rg6 Ke1 78. Re6+ Kd2 79. Rf6 Ke2 80. Re6+ Kd2 81. Rf6 Ke2 82. Rxf2+ Kxf2 83. Kd6 Kg3 84. Ke5 Kxh3 85. Kf4 Kg2 86. Ke3 h3 87. Ke2 h2 0-1

[Event "Early-Titled-Tuesday-Blitz-September-05-2023"]
[Site "Chess.com"]
[Date "2023.09.05"]
[Round "2"]
[White "GMWSO"]
[Black "Athanasios2"]
[Result "1/2-1/2"]
[WhiteElo "3068"]
[BlackElo "2682"]
[TimeControl "180+1"]
[EndTime "8:19:39 PDT"]
[Termination "Game drawn - insufficient material"]

1. d4 Nf6 2. Nf3 g6 3. c4 Bg7 4.
Nc3 d5 5. h4 h6 6. cxd5 Nxd5 7.
e4 Nxc3 8. bxc3 c5 9. Be3 cxd4 10.
cxd4 O-O 11. Qd2 h5 12. Rb1 b6 13. Bd3 Bg4 14. d5 Bxf3 15. gxf3 Nd7 16. f4 Rc8 17. e5 Nxe5 18. fxe5 Qxd5 19. O-O Qxe5 20. Qe2 Rfd8 21. Rfd1 Bf6 22. Ba6 Rb8 23. Qc4 Qf5 24. a4 Kg7 25. Kg2 Be5 26. Rxd8 Rxd8 27. Rb5 f6 28. Bb7 Qd7 29. Bf3 Rc8 30. Qd5 Qf5 31. a5 bxa5 32.
Rxa5 Rc7 33. Qa8 Qe6 34. Rxa7 Rxa7 35. Qxa7 Bd6 36. Qd4 Qe5 37. Qxe5 Bxe5 38. Bd5 Bd6 39. Be6 Bb4 40. Kf3 Bc3 41. Ke4 Be1 42. Bc5 g5 43. hxg5 fxg5 44. Kf5 g4 45. Kf4 Kf6 46. Bc4 e5+ 47. Kg3 Kg5 48. Be7+ Kf5 49. Be2 e4 50. Bc5 Bd2 51. Bb5 Bf4+ 52. Kg2 h4 53. Bd7+ Kg5 54.
Be7+ Kh5 55. Be8+ Kh6 56. Bxh4 e3 57. Bg3 Kg5 58. fxe3 Bxe3 59. Bb5 Bf4 60. Be1 Be3 61.
Be2 Bf4 62. Bd1 Be3 63. Bc3 Bf4 64. Bd4 Kf5 65. Bc2+ Kg5 66. Bd3 Bd6 67. Kf2 Bf4 68. Ke2 Bd6 69. Be4 g3 70. Kf3 Bc7 71. Be3+ Kf6 72.
Bd4+ Ke6 73. Kg4 Bd6 74. Kg5 Ke7 75. Be3 Ke6 76. Kg6 Ke5 77. Bf3 Ke6 78. Kg5 Be5 79.
Kg4 Bd6 80. Bd4 Be5 81. Be3 Bd6 82. Be2 Be5 83. Bc4+ Kd6 84. Kf5 g2 85. Bg1 Bc3 86. Bd3 Kd5 87. Be4+ Kd6 88. Bxg2 Kd7 89. Bh2 Bb4 90.
Ke4 Bd6 91. Bh3+ Kc6 92. Bg1 Bc5 93. Bh2 Bd6 94. Bg1 Bc5 95. Bg2 Bxg1 1/2-1/2

[Event "Early-Titled-Tuesday-Blitz-September-05-2023"]
[Site "Chess.com"]
[Date "2023.09.05"]
[Round "2"]
[White "bascheyaro"]
[Black "NovozhilovSemen"]
[Result "1/2-1/2"]
[WhiteElo "2809"]
[BlackElo "2571"]
[TimeControl "180+1"]
[EndTime "8:19:53 PDT"]
[Termination "Game drawn - insufficient material"]

1. d4 Nf6 2. Nf3 e6 3. Bf4 c5 4.
e3 cxd4 5. exd4 b6 6. Nbd2 Bb7 7. Bd3 d6 8. O-O Nbd7 9. Qe2 a6 10. Rfe1 Be7 11. c3 O-O 12. h3 Qb8 13. a4 Bd8 14. Ng5 Bc7 15. Nc4 h6 16. Nf3 Re8 17. Bg3 e5 18.
dxe5 dxe5 19. Bf5 e4 20. Bxc7 Qxc7 21. Nd4 Nc5 22. a5 b5 23. Nb6 Rad8 24. h4 g6 25. Bh3 Nd3 26. Red1 Nf4 27. Qe3 N6d5 28. Qg3 Nxb6 29.
axb6 Nxh3+ 30. gxh3 Qxb6 31. h5 Kh7 32. hxg6+ Qxg6 33. Qxg6+ Kxg6 34. Kg2 f5 35. Kg3 e3 36. f3 b4 37. Kf4 Kf6 38. Nxf5 Rxd1 39. Rxd1 bxc3 40.
bxc3 e2 41. Re1 a5 42. Ne3 Ba6 43. c4 a4 44. Rxe2 Kf7 45. Ra2 Rd8 46. Rxa4 Bc8 47. Ra7+ Kg6 48. Nd5 Bxh3 49. Ra6+ Kf7 50. Rxh6 Bf1 51.
Rh7+ Kg6 52. Rc7 Bxc4 53. Ne7+ Kf6 54. Nc6 Rd6 55. Ke3 Bf7 56. Nd4 Ra6 57. Rc3 Ra4 58. Rc6+ Ke5 59. f4+ Kd5 60. Rc7 Be6 61. Ne2 Ra3+ 62.
Rc3 Rxc3+ 63. Nxc3+ Kd6 64. Ne4+ Ke7 65. Kd4 Bf5 66. Ng5 Kf6 67. Nf3 Bg6 68. Ne5 Bf5 69.
Ke3 Bb1 70. Nf3 Bf5 71. Nd4 Bh7 72. Kf3 Bg6 73. Kg4 Bd3 74. Kh4 Be4 75. Ne2 Bd3 76.
Ng3 Bc2 77. Kg4 Bd1+ 78. Kh3 Bc2 79. Kh4 Bd1 80. Kh3 Bf3 81. Kh2 Bd1 82. Kg1 Bc2 83.
Kf2 Bg6 84. Kf3 Bc2 85. Ke3 Bd1 86. Ne4+ Kf5 87. Nc3 Bc2 88. Kf3 Kf6 89. Nd5+ Ke6 90. Ne3 Bb1 91. Kg4 Kf6 92. Nd5+ Ke6 93. Nc3 Bc2 94. Kg5 Bd3 95. Nd1 Bc2 96. Nf2 Bb1 97. Ng4 Bf5 98. Ne5 Be4 99. Nc6 Bxc6 100. f5+ Kf7 101. f6 Bd7 102. Kf4 Kxf6 1/2-1/2

[Event "Early-Titled-Tuesday-Blitz-September-05-2023"]
[Site "Chess.com"]
[Date "2023.09.05"]
[Round "2"]
[White "FeketeBarika"]
[Black "Aevengho"]
[Result "1/2-1/2"]
[WhiteElo "2369"]
[BlackElo "2530"]
[TimeControl "180+1"]
[EndTime "8:20:03 PDT"]
[Termination "Game drawn - insufficient material"]

1. Nf3 Nf6 2. c4 g6 3. b3 Bg7 4. Bb2 O-O 5. g3 d6 6. Bg2 e5 7. d3 Nc6 8. O-O Re8 9. Nbd2 Bf5 10. e4 Bg4 11. h3 Bxf3 12. Nxf3 Nd7 13. a3 a5 14. Qd2 Nc5 15. Qc2 Ne6 16. Bc3 b6 17. b4 Qd7 18. bxa5 Nxa5 19. Rfb1 Nc5 20. a4 Nab7 21. Rb5 Ra6 22. a5 Rea8 23. Nd2 Nxa5 24. Bxa5 Rxa5 25. Rbxa5 bxa5 26. Nb3 Nxb3 27. Qxb3 Qc6 28.
Ra4 Bh6 29. Qa2 Bd2 30. Bf3 Bb4 31. Kg2 Kg7 32. d4 Bc3 33. dxe5 dxe5 34. Qc2 Bd4 35. Qb3 h5 36. h4 Bc5 37. Qb5 Qxb5 38. cxb5 Bb6 39. Bd1 Rd8 40. Bb3 Rd2 41. Ra2 Rd3 42.
Bc2 Rc3 43. Kf1 Rc5 44. Bd3 Rc1+ 45. Ke2 Rh1 46. Rc2 Rh2 47. Kf3 Kf6 48. Bc4 a4 49. Ba2 a3 50. Rc6+ Ke7 51. Rc2 f5 52. Bd5 Kf6 53.
Bc6 f4 54. Bd5 fxg3 55. Kxg3 Rh1 56. Kg2 Rb1 57. Rc6+ Kg7 58. Rc3 Rb2 59. Rxa3 Rxf2+ 60. Kg3 Rf4 61. Rf3 Rg4+ 62. Kh3 Kh6 63. Rf8 Rf4 64. Rh8+ Kg7 65. Rg8+ Kh7 66. Re8 Bf2 67.
Rxe5 Rxh4+ 68. Kg2 Bb6 69. Re7+ Kh6 70. e5 Rd4 71. Bc6 Rd2+ 72. Kf3 Kg5 73. Ke4 Re2+ 74. Kd5 h4 75. Rh7 Kg4 76. e6 Rd2+ 77. Ke5 Bd4+ 78. Ke4 Bc5 79. Ke5 g5 80. Be4 Re2 81. e7 Bxe7 82. Rxe7 h3 83. Rxc7 Kg3 84. Rh7 g4 85.
Kf5 h2 86. b6 Rf2+ 87. Kg5 Rf4 88. Bc6 Rb4 89. b7 Rb2 90. Be4 Rb5+ 91. Bf5 Kg2 92. Kxg4 h1=Q 93. Rxh1 Kxh1 94. Be4+ Kg1 95. Kf4 Kf2 96.
Bc6 Rb6 97. Ke5 Rb4 98. Kd6 Ke3 99. Kc7 Kd4 100. b8=Q Rxb8 101. Kxb8 1/2-1/2

[Event "Early-Titled-Tuesday-Blitz-September-05-2023"]
[Site "Chess.com"]
[Date "2023.09.05"]
[Round "3"]
[White "Atanejhad"]
[Black "Mariia89"]
[Result "1-0"]
[WhiteElo "2394"]
[BlackElo "1969"]
[TimeControl "180+1"]
[EndTime "8:21:18 PDT"]
[Termination "Atanejhad won by resignation"]

1. d4 Nf6 2. c4 c5 3. d5 b5 4. a4 bxc4 5. Nc3 d6 6. Nf3 g6 7. Nd2 Ba6 8. e4 Qa5 9. Bxc4 Bxc4 10.
Nxc4 Nxe4 11. Nxa5 1-0

[Event "Early-Titled-Tuesday-Blitz-September-05-2023"]
[Site "Chess.com"]
[Date "2023.09.05"]
[Round "3"]
[White "nihalsarin"]
[Black "Caterpiller35"]
[Result "1-0"]
[WhiteElo "3125"]
[BlackElo "2524"]
[TimeControl "180+1"]
[EndTime "8:22:07 PDT"]
[Termination "nihalsarin won by resignation"]

1. Nf3 Nf6 2. b3 g6 3. Bb2 Bg7 4. e3 O-O 5. d4 d6 6. Be2 Nc6 7. O-O Bg4 8. c4 a5 9. h3 Bxf3 10. Bxf3 e6 11. Nc3 d5 12. Rc1 Re8 13. Qe2 Nb4 14. a3 Na6 15. cxd5 exd5 16. Qb5 c6 17. Qxb7 Qd6 18. Na4 Reb8 19. Qxc6 Qxc6 20. Rxc6 Rxb3 21. Rfc1 h5 22. Bd1 Rbb8 23. Be2 1-0